 Dungeon Crawl Stone Soup version 0.28.0-43-g3370ac3207 (webtiles) character file.

Game seed: 11078591414729765848

7 cbfl8 the Conjurer (level 1, -2/10 HPs)
             Began as a Deep Elf Conjurer on Mar 11, 2022.
             Slain by a ball python (3 damage)
             ... on level 1 of the Dungeon.
             The game lasted 00:00:58 (461 turns).

cbfl8 the Conjurer (Deep Elf Conjurer)               Turns: 461, Time: 00:00:58

Health: -2/10      AC:  3    Str:  4    XL:     1   Next: 91%
Magic:  6/6        EV:  8    Int: 22    God:
Gold:   24         SH:  0    Dex: 13    Spells: 5/6 levels left

rFire   . . .      SeeInvis .   e - +0 short sword
rCold   . . .      Faith    .   (no shield)
rNeg    . . .      Spirit   .   d - +0 leather armour
rPois   .          Reflect  .   (no helmet)
rElec   .          Harm     .   (no cloak)
rCorr   .          Rampage  .   (no gloves)
Will    .....                   (no boots)
Stlth   ++........              (no amulet)
HPRegen 0.03/turn               (no ring)
MPRegen 0.10/turn               (no ring)

@: constricted
A: no striking features
a: no special abilities


You were on level 1 of the Dungeon.
You visited 1 branch of the dungeon, and saw 1 of its levels.

You collected 24 gold pieces.

Inventory:

Hand Weapons
 e - a +0 short sword (weapon)
Missiles
 b - 5 atropa-tipped darts
 f - 20 stones
Armour
 a - a +0 robe
 d - a +0 leather armour (worn)
Scrolls
 c - a scroll of vulnerability {unknown}


   Skills:
 + Level 2.4 Dodging
 + Level 3.0 Stealth
 + Level 3.0 Spellcasting
 + Level 4.6 Conjurations


You had 5 spell levels left.
You knew the following spells:

 Your Spells              Type           Power      Damage    Failure   Level
a - Magic Dart            Conj           92%        1d7       3%          1

Your spell library contained the following spells:

 Spells                   Type           Power      Damage    Failure   Level
 Searing Ray              Conj           46%        2d6       4%          2
 Dazzling Flash           Conj/Hex       26%        N/A       26%         3
 Fulminant Prism          Conj/Hex       6%         3d7       65%         4
 Iskenderun's Mystic Bla  Conj/Tloc      13%        2d5       65%         4


Dungeon Overview and Level Annotations

Branches:
Dungeon (1/15)

Altars:


Message History

Found a scroll labelled ASUJYIGUBI.
There is an open door here.
There is a stone staircase leading down here.
The goblin hits you with a +0 club. The goblin hits you with a +0 club.
You closely miss the goblin. The goblin misses you.
You hit the goblin.
The goblin is heavily wounded.
The goblin closely misses you.
You miss the goblin.
The goblin is heavily wounded.
The goblin barely misses you.
You hit the goblin.
You kill the goblin!
Your Stealth skill increases to level 3!
You hit the rat.
You kill the rat!
You closely miss the ball python. The ball python misses you.
The ball python grabs you. The ball python constricts you.
You closely miss the ball python. The ball python barely misses you.
The ball python constricts you.
You hit the ball python but do no damage.
The ball python barely misses you. The ball python constricts you.
The ball python bites you but does no damage.
The ball python constricts you.
* * * LOW HITPOINT WARNING * * *
You hit the ball python.
The ball python is severely wounded.
The ball python bites you.
* * * LOW HITPOINT WARNING * * *
The ball python constricts you.
You barely miss the ball python.
The ball python is severely wounded.
The ball python bites you.
* * * LOW HITPOINT WARNING * * *
The ball python constricts you.
You barely miss the ball python.
The ball python is severely wounded.
The ball python bites you.
You die...

#. .##. g#.. ### ...
###### ##########.# ##..
#....# #.gS@......#
#...##....###.########.#
.#..#....g..g.#.. .#.#
.##.'......>..#.# .#.# S
#.#.........#.# .#.#
#............#.# .#.#
..#...........#.# .#.#
.##.#####+#'#.#.# .#.#
?#..#####.#)#.#.####.#.#


You could see a goblin and a ball python.

Vanquished Creatures
  A ball python (D:1)
  2 goblins (D:1)
  A hobgoblin (D:1)
  A quokka (D:1)
  A rat (D:1)
6 creatures vanquished.

Notes
Turn   | Place    | Note
-------+----------+-------------------------------------------
     0 | D:1      | cbfl8 the Deep Elf Conjurer began the quest for the Orb.
     0 | D:1      | Reached XP level 1. HP: 10/10 MP: 6/6
   461 | D:1      | Slain by a ball python

Illustrated notes

Levels and vault maps discovered:
D:1:      wander_arrival_peaceful_grave, layout_basic, minmay_ruptured

Skill      XL: |  1 |
---------------+----+-----
Stealth        | 3 |  3.0
Dodging        | |  2.4
Spellcasting   | |  3.0
Conjurations   | |  4.6

Action                   || total
-------------------------++-------
Melee: Short sword       ||    25
       Unarmed           ||     4
 Stab: Sleeping          ||     2
Armor: Leather armour    ||     5
Dodge: Dodged            ||    19
